[Event "Titled Tuesday Blitz January 03 Late 2023"]
[White "Zampronha, Wladimir Camilo"]
[Black "Cruz Gomez, Miguel Angel"]
[WhiteFideId "2103087"]
[BlackFideId "5137160"]
[WhiteElo "2176"]
[BlackElo "1950"]
[Result "1-0"]
[Round "03"]
[TimeControl "180+2"]
[Date "2023.01.03"]
[WhiteClock "0:01:34"]
[BlackClock "0:02:02"]

1. e4 c5 2. Nf3 e6 3. d4 cxd4 4. Nxd4 Nc6 5. Nc3 Qc7 6. Be2 a6 7. O-O Nf6 8. Be3 b5 9. Nxc6 dxc6 10. e5 Nd5 11. Nxd5 cxd5 12. f4 Bc5 13. Bxc5 Qxc5+ 14. Kh1 Bb7 15. Bd3 h5 16. a4 h4 17. h3 Kf8 18. Qe2 b4 19. f5 d4 20. fxe6 Qd5 1-0


[Site "https://www.chess.com"]

[Event "Titled Tuesday Blitz January 03 Late 2023"]
[White "Eisa Mohmood, Alkhoori"]
[Black "Lin, Dachey"]
[WhiteFideId "9316116"]
[BlackFideId "2029650"]
[WhiteElo "1095"]
[BlackElo "2299"]
[Result "0-1"]
[Round "03"]
[TimeControl "180+2"]
[Date "2023.01.03"]
[WhiteClock "0:02:12"]
[BlackClock "0:02:45"]

1. d4 g6 2. e4 Bg7 3. Nc3 c6 4. f4 d5 5. e5 h5 6. Nf3 Bg4 7. Be2 e6 8. O-O Ne7 9. h3 Bxf3 10. Bxf3 h4 11. Be3 Nf5 12. Bf2 Nd7 13. Qd2 Nb6 14. b3 Nd7 15. Nd1 Rc8 16. c4 dxc4 17. bxc4 Nb6 18. Qb4 Nxd4 19. Be4 c5 20. Qc3 Ne2+ 0-1


[Site "https://www.chess.com"]

[Event "Titled Tuesday Blitz January 03 Late 2023"]
[White "Rian, Kapriaga"]
[Black "Amburgy, Ryan"]
[WhiteFideId "7103263"]
[BlackFideId "30924820"]
[WhiteElo "2089"]
[BlackElo "2246"]
[Result "0-1"]
[Round "03"]
[TimeControl "180+2"]
[Date "2023.01.03"]
[WhiteClock "0:00:01"]
[BlackClock "0:00:04"]

1. d4 Nf6 2. Nf3 b6 3. Bf4 Bb7 4. e3 Nh5 5. Bg5 h6 6. Bh4 g5 7. Bg3 d6 8. Nbd2 Bg7 9. Be2 c5 10. c3 Nd7 11. O-O Nxg3 12. hxg3 O-O 13. a4 a6 14. Ne1 e5 15. dxe5 Nxe5 16. Nef3 Qe7 17. Nxe5 dxe5 18. Bc4 Rfd8 19. Qe2 Qd7 20. Rfd1 Qc6 21. e4 Qe8 22. Nf1 Kh8 23. Bd5 Bxd5 24. Rxd5 Rxd5 25. exd5 Qd7 26. Ne3 f5 27. g4 f4 28. Nf5 Qxd5 29. Rd1 Qf7 30. Qe4 Rb8 31. Qc6 Qe8 32. Qc7 Bf6 33. Rd7 Qg8 34. Nxh6 Rc8 35. Qd6 Qg6 36. Nf5 Rg8 37. Qc7 e4 38. Rd6 Rf8 39. Qc6 e3 40. fxe3 fxe3 41. Nxe3 Qb1+ 42. Kh2 Qh7+ 43. Kg1 Qb1+ 44. Nf1 Bg7 45. Rh6+ Bxh6 46. Qxh6+ Kg8 47. Qxg5+ Kf7 48. Qd5+ Ke7 49. Qe5+ Kd7 50. Qd5+ Ke7 51. Qe5+ Kf7 52. Qf4+ Kg6 53. Qd6+ Rf6 54. Qd3+ Qxd3 0-1


[Site "https://www.chess.com"]

[Event "Titled Tuesday Blitz January 03 Late 2023"]
[White "Alexikov, Alexander"]
[Black "Boyer, Mahel"]
[WhiteFideId "14103958"]
[BlackFideId "45102422"]
[WhiteElo "2209"]
[BlackElo "2489"]
[Result "0-1"]
[Round "03"]
[TimeControl "180+2"]
[Date "2023.01.03"]
[WhiteClock "0:00:09"]
[BlackClock "0:00:18"]

1. e4 c6 2. d4 d5 3. Nc3 dxe4 4. Nxe4 Bf5 5. Ng3 Bg6 6. Nf3 Nd7 7. Bc4 e6 8. O-O Bd6 9. Re1 Ne7 10. c3 O-O 11. a4 Nd5 12. Ne4 Bc7 13. Bg5 f6 14. Bh4 Qe7 15. a5 Rae8 16. Qb3 b5 17. axb6 N7xb6 18. Bf1 Bh5 19. Nfd2 Rb8 20. Qa2 a5 21. Nc5 Bf7 22. Na6 Ra8 23. Nxc7 Qxc7 24. Ne4 e5 25. Bg3 Nxc3 26. Qa3 Nb5 27. Qd3 Rfd8 28. Rac1 Nxd4 29. Qc3 Qe7 30. Nc5 Nd5 31. Qa3 Nb4 32. Qa4 Bd5 33. f3 Qf7 0-1


[Site "https://www.chess.com"]

[Event "Titled Tuesday Blitz January 03 Late 2023"]
[White "Siniauski, Artsiom"]
[Black "Georg, Heinz"]
[WhiteFideId "13512269"]
[BlackFideId "4607295"]
[WhiteElo "2231"]
[BlackElo "2107"]
[Result "1-0"]
[Round "03"]
[TimeControl "180+2"]
[Date "2023.01.03"]
[WhiteClock "0:00:03"]
[BlackClock "0:00:02"]

1. e4 e5 2. Nf3 Nc6 3. Bb5 f5 4. d3 Nf6 5. exf5 d6 6. Nc3 Bxf5 7. Bg5 Be7 8. d4 exd4 9. Nxd4 Bd7 10. Bc4 Ne5 11. Be6 c5 12. Bxd7+ Qxd7 13. Nf3 Nxf3+ 14. Qxf3 O-O 15. O-O Kh8 16. Rad1 Rad8 17. Qe2 a6 18. Rfe1 Rfe8 19. Qe6 Qxe6 20. Rxe6 Kg8 21. Rde1 Kf7 22. b3 b5 23. f4 h6 24. Bxf6 Bxf6 25. Rxe8 Rxe8 26. Rxe8 Bd4+ 27. Kf1 Kxe8 28. Nd5 Kd7 29. c4 bxc4 30. bxc4 a5 31. a4 Ke6 32. Ke2 Kf5 33. Kf3 h5 34. Ne7+ Ke6 35. Nd5 Kf5 36. g3 g5 37. fxg5 Kxg5 38. h3 Kf5 39. g4+ hxg4+ 40. hxg4+ Kg5 41. Ne7 Be5 42. Nc6 Bc3 43. Ke4 Kxg4 44. Kd5 Kf4 45. Kxd6 Bb4 46. Nd8 Ke4 47. Kc6 Kd4 48. Kb5 Kc3 49. Nb7 Kd4 50. Nd8 Kc3 51. Nc6 Kb3 52. Nb8 Kc3 53. Nd7 Kb3 54. Nb6 Kc3 55. Kc6 Kd4 56. Kd6 Ba3 57. Kd7 Bb4 58. Kc6 Kc3 59. Kb5 Kd4 60. Nc8 Kc3 61. Nd6 Kd4 62. Nb7 Kc3 63. Nxc5 Kd4 64. Na6 Bc3 65. c5 Kd5 66. c6 Kd6 67. Kb6 Bd4+ 68. Kb7 Ba7 69. c7 1-0


[Site "https://www.chess.com"]

[Event "Titled Tuesday Blitz January 03 Late 2023"]
[White "Espinosa, Pedro"]
[Black "Wieczorek, Zbigniew"]
[WhiteFideId "30921066"]
[BlackFideId "1102001"]
[WhiteElo "2229"]
[BlackElo "2150"]
[Result "1-0"]
[Round "03"]
[TimeControl "180+2"]
[Date "2023.01.03"]
[WhiteClock "0:01:25"]
[BlackClock "0:00:03"]

1. d4 d5 2. c4 c6 3. cxd5 cxd5 4. Bf4 Nc6 5. e3 Nf6 6. Nc3 a6 7. Be2 e6 8. Nf3 Bd6 9. Bxd6 Qxd6 10. O-O O-O 11. a3 e5 12. dxe5 Nxe5 13. Qd4 Nc6 14. Qh4 Be6 15. Rad1 Ne5 16. Nxe5 Qxe5 17. Qd4 Qxd4 18. Rxd4 Rfc8 19. Rfd1 Rc5 20. Bf3 g6 21. Nxd5 Bxd5 22. Bxd5 Nxd5 23. Rxd5 Rac8 24. Rxc5 Rxc5 25. g3 Rc2 26. b4 Ra2 27. Rd7 b5 28. Rd3 Kg7 29. Kg2 h5 30. h4 Kg8 31. Kf3 Kg7 32. e4 Kg8 33. Ke3 Kg7 34. f3 Rg2 35. Kf4 Ra2 36. e5 Kf8 37. Rc3 Ra1 38. Kg5 Ke7 39. f4 Rg1 40. f5 gxf5 41. Kxf5 Rf1+ 42. Kg5 Ke6 43. Kxh5 Kxe5 44. Kg4 f6 45. h5 Rh1 46. Rc5+ Ke4 47. Rc6 f5+ 48. Kg5 Rg1 49. Re6+ Kd5 50. Rxa6 Rxg3+ 51. Kxf5 Rh3 52. h6 Kc4 53. Kg6 1-0


[Site "https://www.chess.com"]

[Event "Titled Tuesday Blitz January 03 Late 2023"]
[White "De La Colina, Nicolas"]
[Black "Liu, Kelsey"]
[WhiteFideId "30946921"]
[BlackFideId "30944481"]
[WhiteElo "2244"]
[BlackElo "2065"]
[Result "1-0"]
[Round "03"]
[TimeControl "180+2"]
[Date "2023.01.03"]
[WhiteClock "0:01:08"]
[BlackClock "0:00:50"]

1. e4 c5 2. Nf3 e6 3. d3 Nc6 4. g3 Nf6 5. Bg2 d5 6. Qe2 Be7 7. O-O O-O 8. e5 Nd7 9. c4 Qc7 10. Re1 Nb6 11. Nc3 a6 12. Bf4 Nd4 13. Qd1 dxc4 14. dxc4 Nxf3+ 15. Bxf3 Nxc4 16. Qe2 b5 17. Bxa8 Bb7 18. Bxb7 Qxb7 19. Qe4 Qc7 20. b3 Nb6 21. Red1 c4 22. Be3 cxb3 23. Bxb6 Qxb6 24. axb3 Bc5 25. Qf3 Bd4 26. Rac1 Bxe5 27. Kg2 a5 28. Ne4 h6 29. Nc5 Bb2 30. Nd7 1-0


[Site "https://www.chess.com"]

[Event "Titled Tuesday Blitz January 03 Late 2023"]
[White "Yurovskykh, Oleksandr"]
[Black "Dylag, Emilia"]
[WhiteFideId "14134020"]
[BlackFideId "21805172"]
[WhiteElo "2328"]
[BlackElo "2095"]
[Result "1-0"]
[Round "03"]
[TimeControl "180+2"]
[Date "2023.01.03"]
[WhiteClock "0:00:54"]
[BlackClock "0:00:26"]

1. d4 Nf6 2. Nf3 e6 3. Bf4 d5 4. e3 c5 5. c3 Bd6 6. Bg3 O-O 7. Nbd2 Qc7 8. dxc5 Qxc5 9. Bd3 Bxg3 10. hxg3 Nc6 11. g4 e5 12. g5 e4 13. gxf6 exd3 14. fxg7 Re8 15. Nb3 Qc4 16. Rh4 Re4 17. Rh2 Bg4 18. Kd2 a5 19. Qh1 h5 20. Rxh5 Bxh5 21. Qxh5 Kxg7 22. Qg5+ Kf8 23. Rh1 Ke8 24. Rh8+ Kd7 25. Rxa8 a4 26. Rxa4 1-0


[Site "https://www.chess.com"]

[Event "Titled Tuesday Blitz January 03 Late 2023"]
[White "Ronka, Erik"]
[Black "Torres Dominguez, David"]
[WhiteFideId "505080"]
[BlackFideId "2220857"]
[WhiteElo "2276"]
[BlackElo "1994"]
[Result "0-1"]
[Round "03"]
[TimeControl "180+2"]
[Date "2023.01.03"]
[WhiteClock "0:00:59"]
[BlackClock "0:00:37"]

1. d4 e5 2. e4 exd4 3. Qxd4 Nc6 4. Qe3 Nf6 5. Nc3 Be7 6. Bd2 d5 7. exd5 Nxd5 8. Qg3 Ncb4 9. Rc1 Bf5 10. Nxd5 Qxd5 11. Bxb4 Bxb4+ 12. c3 O-O-O 13. Nf3 Rhe8+ 14. Be2 Rxe2+ 15. Kxe2 Qd3+ 16. Ke1 Re8+ 17. Ne5 Qe4+ 18. Kf1 Rxe5 19. h3 Bd6 20. Qxg7 Qe2+ 21. Kg1 Qe1+ 22. Rxe1 Rxe1# 0-1


[Site "https://www.chess.com"]

[Event "Titled Tuesday Blitz January 03 Late 2023"]
[White "Lock, Gavin R"]
[Black "Sukandar, Irine Kharisma"]
[WhiteFideId "408646"]
[BlackFideId "7101937"]
[WhiteElo "2083"]
[BlackElo "2390"]
[Result "0-1"]
[Round "03"]
[TimeControl "180+2"]
[Date "2023.01.03"]
[WhiteClock "0:00:05"]
[BlackClock "0:01:21"]

1. d4 Nf6 2. Bf4 e6 3. e3 Be7 4. h3 d6 5. Nf3 b6 6. Be2 Bb7 7. c4 O-O 8. Nc3 c5 9. O-O a6 10. a4 Nbd7 11. d5 e5 12. Bh2 Re8 13. Nd2 Bf8 14. Qc2 g6 15. Rab1 Bg7 16. e4 h6 17. Bg3 Nh7 18. b4 cxb4 19. Rxb4 Nhf8 20. a5 Bc8 21. axb6 Nxb6 22. Ra1 Nfd7 23. f3 Nc5 24. Bf2 Nbd7 25. Na4 Qc7 26. Nxc5 Nxc5 27. Nb3 Nxb3 28. Qxb3 f5 29. Rb6 Rf8 30. c5 fxe4 31. cxd6 Qf7 32. Rc1 exf3 33. gxf3 Bxh3 34. Rc7 Qf5 35. Rbb7 Qg5+ 0-1


[Site "https://www.chess.com"]

[Event "Titled Tuesday Blitz January 03 Late 2023"]
[White "Girsh, Daniel"]
[Black "Van den Dikkenberg, Erik"]
[WhiteFideId "30949190"]
[BlackFideId "1005880"]
[WhiteElo "2123"]
[BlackElo "2091"]
[Result "1-0"]
[Round "03"]
[TimeControl "180+2"]
[Date "2023.01.03"]
[WhiteClock "0:01:16"]
[BlackClock "0:00:15"]

1. e4 c5 2. Nf3 d6 3. d4 cxd4 4. Nxd4 Nf6 5. Nc3 a6 6. h3 Nc6 7. g4 Qb6 8. Nb3 h6 9. Be3 Qc7 10. Bg2 Bd7 11. O-O g6 12. Nd5 Nxd5 13. exd5 Ne5 14. Bd4 g5 15. Bxe5 dxe5 16. c4 Bg7 17. c5 Rd8 18. d6 exd6 19. cxd6 Qb6 20. Qd2 O-O 21. Rad1 Be6 22. Na5 Rd7 23. b4 Rfd8 24. Qc3 Bxa2 25. Qc5 Qxc5 26. bxc5 b6 27. cxb6 Rxd6 28. Rxd6 Rxd6 29. b7 Rb6 30. Rc1 Be6 31. Rc8+ Kh7 32. b8=Q Rxb8 33. Rxb8 e4 34. Bxe4+ f5 35. Bxf5+ Bxf5 36. gxf5 1-0


[Site "https://www.chess.com"]

[Event "Titled Tuesday Blitz January 03 Late 2023"]
[White "Winterberg, Lukas"]
[Black "Slavin, Alexey"]
[WhiteFideId "24622702"]
[BlackFideId "24104388"]
[WhiteElo "2402"]
[BlackElo "2364"]
[Result "1/2-1/2"]
[Round "03"]
[TimeControl "180+2"]
[Date "2023.01.03"]
[WhiteClock "0:00:27"]
[BlackClock "0:00:21"]

1. e4 Nc6 2. Nf3 d6 3. d4 Nf6 4. Nc3 Bg4 5. Be3 a6 6. Be2 e5 7. dxe5 dxe5 8. h3 Bh5 9. Nd2 Bg6 10. O-O Bb4 11. f3 O-O 12. Bd3 Nh5 13. Nb3 Nf4 14. Ne2 Nxd3 15. Qxd3 Qe7 16. c3 Rad8 17. Qc2 Bd6 18. Rad1 f5 19. exf5 Bxf5 20. Qc1 h6 21. Ng3 Bg6 22. Ne4 Bxe4 23. fxe4 b6 24. Rxf8+ Rxf8 25. Rf1 a5 26. Rxf8+ Qxf8 27. Qf1 Qxf1+ 28. Kxf1 a4 29. Nd2 Na5 30. Ke2 Kf7 31. Kd3 Ke6 32. Nc4 Nb7 33. b4 axb3 34. axb3 Bc5 35. Bd2 Bg1 36. b4 Nd6 37. Nxd6 Kxd6 38. c4 c6 39. Bc1 b5 40. c5+ Ke6 41. Be3 Bxe3 42. Kxe3 Kf6 43. Kf3 g6 44. Kg4 Kg7 45. Kh4 Kf6 46. g4 Kg7 47. g5 h5 48. Kg3 1/2-1/2


[Site "https://www.chess.com"]

[Event "Titled Tuesday Blitz January 03 Late 2023"]
[White "Jenkins, Drake"]
[Black "Fisher_TheGalactic"]
[WhiteFideId "2022397"]
[WhiteElo "2130"]
[BlackElo "2492"]
[Result "0-1"]
[Round "03"]
[TimeControl "180+2"]
[Date "2023.01.03"]
[WhiteClock "0:00:24"]
[BlackClock "0:02:01"]

1. Nf3 b6 2. g3 Bb7 3. Bg2 e6 4. c4 d5 5. cxd5 exd5 6. d4 Nf6 7. O-O Be7 8. Nc3 O-O 9. Bf4 c6 10. Rc1 Nbd7 11. Qd3 Re8 12. Ne5 Rc8 13. Rfe1 c5 14. e4 dxe4 15. Nxe4 Nxe4 16. Bxe4 Bxe4 17. Qxe4 Nf6 18. Qb7 Rc7 19. Qa6 Nd5 20. Nxf7 Kxf7 21. Bxc7 Nxc7 22. Qxa7 Nb5 23. Qa4 Nxd4 24. Qc4+ Kf8 25. Re4 Bf6 26. Rce1 Nf3+ 27. Kf1 Nd2+ 0-1


[Site "https://www.chess.com"]

[Event "Titled Tuesday Blitz January 03 Late 2023"]
[White "ArchibaldCerveza29"]
[Black "Guo, Josh"]
[BlackFideId "2682427"]
[WhiteElo "2509"]
[BlackElo "2112"]
[Result "0-1"]
[Round "03"]
[TimeControl "180+2"]
[Date "2023.01.03"]
[WhiteClock "0:00:05"]
[BlackClock "0:00:17"]

1. d4 Nf6 2. Nf3 g6 3. b3 Bg7 4. Bb2 d5 5. g3 O-O 6. Bg2 Bf5 7. O-O c6 8. c4 dxc4 9. bxc4 Qb6 10. Qb3 Nbd7 11. Nc3 Ne4 12. Na4 Qxb3 13. axb3 b5 14. Nc3 bxc4 15. bxc4 Rfb8 16. Nxe4 Rxb2 17. Nc3 a5 18. e4 Bg4 19. e5 Rb3 20. Rfc1 Bh6 21. Ng5 Bxg5 22. f4 Ra6 23. fxg5 c5 24. h3 Bf5 25. g4 Bd3 26. d5 Nxe5 27. Na4 Rb4 28. Nxc5 Ra7 29. Re1 Rxc4 30. Rxe5 Rxc5 31. Rae1 Kf8 32. R5e3 Bc4 33. d6 exd6 34. Re8+ Kg7 35. Rb8 a4 36. Ree8 f6 37. gxf6+ Kxf6 38. h4 g5 39. h5 a3 40. Ra8 Rxa8 41. Rxa8 a2 42. Kh2 Rb5 43. Be4 Ke5 44. Bxh7 Rb2+ 45. Kg3 Rb3+ 46. Kf2 Rb2+ 47. Ke3 d5 48. Ra3 d4+ 49. Kf3 Rb3+ 50. Rxb3 Bxb3 51. h6 a1=Q 52. Bf5 Qf1+ 53. Kg3 Qg1+ 54. Kf3 Qe3+ 55. Kg2 Kf4 56. h7 Qg3+ 57. Kf1 Qh3+ 58. Ke2 d3+ 59. Bxd3 Qh2+ 60. Ke1 Qh6 61. Kd2 Qg7 62. Ke2 Qh8 63. Kd2 Bd5 64. Bf5 Be4 65. Bxe4 Kxe4 66. Ke2 Kf4 67. Kf1 Qxh7 68. Kg1 Kxg4 69. Kg2 Qc2+ 70. Kg1 Kg3 0-1


[Site "https://www.chess.com"]

[Event "Titled Tuesday Blitz January 03 Late 2023"]
[White "Seresin, Francesco"]
[Black "Adury, Anant"]
[WhiteFideId "886335"]
[BlackFideId "30964687"]
[WhiteElo "2348"]
[BlackElo "2123"]
[Result "0-1"]
[Round "03"]
[TimeControl "180+2"]
[Date "2023.01.03"]
[WhiteClock "0:02:52"]
[BlackClock "0:02:54"]

1. d4 Nf6 2. c4 d6 3. Nc3 Nc6 4. Nf3 e5 5. g3 Bf5 6. Bg2 Ne4 7. Qb3 Nxc3 8. Qxc3 Be4 9. d5 Nd4 10. O-O Nxe2+ 0-1


[Site "https://www.chess.com"]

[Event "Titled Tuesday Blitz January 03 Late 2023"]
[White "Sabar, Ethmane Daouda"]
[Black "reevecanada"]
[WhiteFideId "19600097"]
[WhiteElo "2040"]
[BlackElo "2486"]
[Result "0-1"]
[Round "03"]
[TimeControl "180+2"]
[Date "2023.01.03"]
[WhiteClock "0:00:43"]
[BlackClock "0:02:06"]

1. b3 c5 2. Bb2 Nf6 3. e3 e6 4. f4 Be7 5. Nf3 O-O 6. c4 d5 7. cxd5 exd5 8. d4 Nc6 9. Bd3 Ng4 10. Qd2 cxd4 11. Nxd4 Bb4 12. Nc3 Nxd4 13. exd4 Re8+ 14. Be2 Qe7 15. O-O Bxc3 16. Bxc3 Qxe2 17. Rae1 Qb5 18. Rxe8+ Qxe8 19. Re1 Qd8 20. h3 Nf6 21. Bb4 Ne4 22. Qd3 Bd7 23. g4 Rc8 24. f5 Qb6 0-1


[Site "https://www.chess.com"]

[Event "Titled Tuesday Blitz January 03 Late 2023"]
[White "qiaohu_henry"]
[Black "Papayan, Oleg"]
[BlackFideId "4193911"]
[WhiteElo "2253"]
[BlackElo "2253"]
[Result "0-1"]
[Round "03"]
[TimeControl "180+2"]
[Date "2023.01.03"]
[WhiteClock "0:00:02"]
[BlackClock "0:00:11"]

1. d4 Nf6 2. Bf4 d5 3. e3 c5 4. c3 Qb6 5. b3 Nc6 6. Nd2 Bf5 7. Ngf3 Nh5 8. Bg3 Nxg3 9. hxg3 g6 10. Be2 Bg7 11. Rc1 O-O 12. Nh4 Bd7 13. Bd3 e5 14. dxe5 Nxe5 15. Bb1 Rad8 16. Ndf3 Bb5 17. Nxe5 Bxe5 18. Qg4 d4 19. Nf5 dxe3 20. Ne7+ Kh8 21. fxe3 Qd6 22. Nxg6+ fxg6 23. Rd1 Bxg3+ 0-1


[Site "https://www.chess.com"]

[Event "Titled Tuesday Blitz January 03 Late 2023"]
[White "Manukian, Artak"]
[Black "Sariego Figueredo, Wilfredo"]
[WhiteFideId "13301373"]
[BlackFideId "3500080"]
[WhiteElo "2196"]
[BlackElo "2318"]
[Result "1-0"]
[Round "03"]
[TimeControl "180+2"]
[Date "2023.01.03"]
[WhiteClock "0:00:53"]
[BlackClock "0:00:05"]

1. e4 c5 2. Nf3 a6 3. c3 d5 4. exd5 Qxd5 5. d4 e6 6. Be3 cxd4 7. cxd4 Nf6 8. Nc3 Qd6 9. Bd3 Be7 10. O-O O-O 11. Qe2 Nc6 12. Rac1 b5 13. Ne4 Nxe4 14. Bxe4 Bb7 15. Ne5 Rac8 16. Rfd1 Ba8 17. Qf3 Nxe5 18. dxe5 Qb8 19. Bxa8 Rxc1 20. Rxc1 Qxa8 21. Qc6 Rd8 22. Kf1 Bb4 23. a3 Bf8 24. Qxa8 Rxa8 25. Rc7 g6 26. Bg5 Bg7 27. Bf6 Bh6 28. Ke2 1-0


[Site "https://www.chess.com"]

[Event "Titled Tuesday Blitz January 03 Late 2023"]
[White "Wu, Brandon"]
[Black "Papp, Petra"]
[WhiteFideId "30909228"]
[BlackFideId "739049"]
[WhiteElo "2123"]
[BlackElo "2343"]
[Result "0-1"]
[Round "03"]
[TimeControl "180+2"]
[Date "2023.01.03"]
[WhiteClock "0:00:28"]
[BlackClock "0:00:17"]

1. Nf3 Nf6 2. c4 g6 3. g3 Bg7 4. Bg2 O-O 5. O-O c6 6. d4 d5 7. Nc3 e6 8. Ne5 Nbd7 9. Nxd7 Qxd7 10. c5 b6 11. b4 Ba6 12. a4 Bc4 13. cxb6 axb6 14. Re1 Ra7 15. f3 Rfa8 16. Be3 Qe7 17. Qb1 Nd7 18. Bf2 c5 19. bxc5 bxc5 20. Qd1 cxd4 21. Bxd4 Bxd4+ 22. Qxd4 Qc5 23. Rad1 Qxd4+ 24. Rxd4 Nc5 25. e4 Nxa4 26. exd5 Nxc3 27. Rxc4 Nxd5 28. f4 Ra2 29. Rd4 R8a5 30. h3 Rb2 31. Bxd5 Rxd5 32. Rxd5 exd5 33. Rd1 Rb5 34. Kf2 Kf8 35. g4 Ke7 36. Ke3 Ke6 37. Kd4 Rb4+ 38. Kc5 Rxf4 39. Re1+ Re4 40. Rf1 Re3 41. h4 Re4 42. g5 Rxh4 43. Rf6+ Ke5 44. Rxf7 Rc4+ 45. Kb5 Rg4 46. Rxh7 Rxg5 47. Re7+ Kf6 48. Re1 Re5 49. Rf1+ Rf5 50. Rg1 g5 51. Kc5 Kg6 52. Re1 Kh5 53. Re8 g4 54. Rh8+ Kg5 55. Re8 g3 56. Re3 Kf4 57. Re2 Kf3 58. Re1 g2 59. Ra1 Kf2 60. Ra2+ Kg3 61. Ra1 Kh2 0-1


[Site "https://www.chess.com"]

[Event "Titled Tuesday Blitz January 03 Late 2023"]
[White "Hernandez Sanchez, Elvis De La Caridad"]
[Black "Karthik, Advaith"]
[WhiteFideId "6400353"]
[BlackFideId "30946050"]
[WhiteElo "2243"]
[BlackElo "2075"]
[Result "0-1"]
[Round "03"]
[TimeControl "180+2"]
[Date "2023.01.03"]
[WhiteClock "0:00:15"]
[BlackClock "0:00:22"]

1. e4 c5 2. Nf3 Nc6 3. Nc3 e5 4. Bc4 g6 5. d3 Bg7 6. Ng5 Nh6 7. h4 f6 8. Nh3 Nf7 9. h5 d6 10. f4 Qe7 11. Nd5 Qd8 12. c3 Na5 13. Bb5+ Bd7 14. Bxd7+ Qxd7 15. h6 Nxh6 16. fxe5 Ng4 17. exf6 Nxf6 18. Nhf4 O-O-O 19. O-O Nc6 20. a3 Nxd5 21. Nxd5 Rdf8 22. Bf4 Be5 23. Qd2 Qg4 24. Rf3 Bxf4 25. Rxf4 Rxf4 26. Qxf4 Qxf4 27. Nxf4 Ne7 28. Rf1 Rf8 29. Rf3 Kd7 30. d4 cxd4 31. cxd4 Nc6 32. Ne2 Re8 33. Rf7+ Re7 34. Rxe7+ Kxe7 35. Kf2 Kf6 36. Ke3 h5 37. Nf4 Ne7 38. b4 h4 39. b5 g5 40. Nh3 g4 41. Nf4 Ng6 42. Nd3 Kg5 43. Nf2 Nf4 44. e5 dxe5 45. dxe5 Nxg2+ 46. Ke4 Nf4 47. Nd1 h3 48. Nf2 g3 49. Nxh3+ Nxh3 50. Kf3 Kf5 51. Kxg3 Ng5 52. Kf2 Kxe5 53. Ke3 Kd5 54. Kd3 Kc5 55. a4 Kb4 0-1


[Site "https://www.chess.com"]

[Event "Titled Tuesday Blitz January 03 Late 2023"]
[White "Clawitter, Craig"]
[Black "Lorenzo De La Riva, Lazaro"]
[WhiteFideId "2023105"]
[BlackFideId "2268809"]
[WhiteElo "2050"]
[BlackElo "2404"]
[Result "0-1"]
[Round "03"]
[TimeControl "180+2"]
[Date "2023.01.03"]
[WhiteClock "0:00:45"]
[BlackClock "0:01:02"]

1. e4 e6 2. d4 d5 3. e5 c5 4. c3 Nc6 5. Nf3 Bd7 6. Be2 f6 7. O-O fxe5 8. dxe5 Qc7 9. Re1 Nh6 10. Bd3 Nf7 11. Bf4 O-O-O 12. b4 c4 13. Bc2 Be7 14. a4 g5 15. Bg3 h5 16. h3 g4 17. hxg4 hxg4 18. Nd4 Nxd4 19. Qxd4 Kb8 20. Na3 Rh6 21. Nb5 Bxb5 22. axb5 b6 23. Qxg4 Rdh8 24. f4 Qd8 25. f5 Rg8 26. Qf3 Ng5 27. Qe3 Nh3+ 28. gxh3 Rxh3 29. Kg2 Rhxg3+ 30. Qxg3 Rxg3+ 31. Kxg3 Bh4+ 32. Kf3 Bxe1 33. Rxe1 Qh4 34. Re2 Kc7 35. f6 Qh3+ 36. Kf2 Kd8 37. Ke1 Qxc3+ 38. Kd1 Qd4+ 39. Ke1 Qg1+ 40. Kd2 d4 41. Be4 Qg5+ 42. Kd1 d3 43. Rf2 Qg1+ 0-1


[Site "https://www.chess.com"]

[Event "Titled Tuesday Blitz January 03 Late 2023"]
[White "Huber, Benedikt"]
[Black "Kovacs, Klara"]
[WhiteFideId "12923583"]
[BlackFideId "733210"]
[WhiteElo "2272"]
[BlackElo "2121"]
[Result "0-1"]
[Round "03"]
[TimeControl "180+2"]
[Date "2023.01.03"]
[WhiteClock "0:00:07"]
[BlackClock "0:01:36"]

1. d4 e6 2. Nc3 Nf6 3. Bf4 d5 4. Nb5 Bd6 5. Nxd6+ cxd6 6. e3 O-O 7. Nf3 Nc6 8. h3 Re8 9. Be2 e5 10. Bh2 e4 11. Nd2 Be6 12. O-O Qd7 13. b3 Ne7 14. c4 Ng6 15. cxd5 Nxd5 16. Nc4 Nc3 17. Qd2 Nxe2+ 18. Qxe2 d5 19. Ne5 Nxe5 20. Bxe5 f6 21. Bg3 Rec8 22. Rfc1 Rxc1+ 23. Rxc1 Rc8 24. Rxc8+ Qxc8 25. Qb5 b6 26. Qa4 Qa8 27. Qa3 Kf7 28. Bc7 Qb7 29. Qd6 Qc8 30. Bb8 Qb7 31. Kh2 a6 32. Bc7 b5 33. Bb6 Qd7 34. Qf4 Qc6 35. Bc5 Qd7 36. Qb8 a5 37. Qf8+ Kg6 38. h4 h5 39. a3 a4 40. b4 Qc7+ 41. g3 Qd7 42. Qb8 Bg4 43. Qf4 Be2 44. Qd6 Qf5 45. Qf4 Qd7 46. Qd6 Qf5 47. Qf4 Qc8 48. Bd6 Bf1 49. g4 hxg4 50. Kg3 Be2 51. Bc5 Bf3 52. Bd6 Qc1 53. h5+ Kf7 54. Qf5 Qg1+ 55. Kh4 Qh1+ 56. Kg3 Qh3+ 57. Kf4 Qh2# 0-1


[Site "https://www.chess.com"]

[Event "Titled Tuesday Blitz January 03 Late 2023"]
[White "marik_spb"]
[Black "Ardila, Oscar Humberto"]
[BlackFideId "4404742"]
[WhiteElo "2401"]
[BlackElo "1982"]
[Result "1/2-1/2"]
[Round "03"]
[TimeControl "180+2"]
[Date "2023.01.03"]
[WhiteClock "0:00:18"]
[BlackClock "0:00:18"]

1. e4 e5 2. Nf3 Nf6 3. Nxe5 d6 4. Nf3 Nxe4 5. d4 Be7 6. Bd3 d5 7. O-O O-O 8. c4 Nc6 9. Nc3 Nxc3 10. bxc3 Be6 11. cxd5 Bxd5 12. Be3 Na5 13. Ne5 Bf6 14. f4 b6 15. Qh5 g6 16. Qh3 Re8 17. Rae1 c5 18. dxc5 bxc5 19. Bxc5 Qc7 20. Bd4 Bg7 21. Qd7 Qxd7 22. Nxd7 Bxa2 23. Rxe8+ Rxe8 24. Ra1 Bc4 25. Bxc4 Nxc4 26. Rxa7 Bxd4+ 27. cxd4 Re2 28. Ne5 Ne3 29. Nxf7 Rxg2+ 30. Kh1 Rf2 31. h3 Rxf4 32. Nh6+ Kf8 33. Rxh7 Rxd4 34. Kh2 Rf4 35. Kg3 Rf1 36. Ra7 Nf5+ 37. Nxf5 Rxf5 38. Kg4 Kg8 39. Rd7 Kf8 40. h4 Kg8 41. Re7 Kf8 42. Rh7 Kg8 43. Rd7 Kf8 44. Rd6 Kg7 45. Ra6 Rd5 46. Ra4 Kh6 47. Rf4 Re5 48. Rd4 Rc5 49. Re4 Rb5 50. Rf4 Rc5 51. Re4 Rb5 52. Rf4 Rc5 53. Re4 1/2-1/2


[Site "https://www.chess.com"]

[Event "Titled Tuesday Blitz January 03 Late 2023"]
[White "La Villa Rivas, Marlon Javier"]
[Black "Rengifo Blancas, Renzo Jhonathan"]
[WhiteFideId "3519546"]
[BlackFideId "3807185"]
[WhiteElo "2246"]
[BlackElo "2131"]
[Result "1-0"]
[Round "03"]
[TimeControl "180+2"]
[Date "2023.01.03"]
[WhiteClock "0:00:55"]
[BlackClock "0:00:01"]

1. e4 e5 2. Nf3 Nc6 3. Bb5 Nd4 4. Bc4 Nxf3+ 5. Qxf3 Nf6 6. Nc3 c6 7. O-O Be7 8. Qg3 O-O 9. Qxe5 Re8 10. Qg3 d5 11. exd5 cxd5 12. Bb5 Bd6 13. Qh4 Re5 14. f4 Rh5 15. Qg3 d4 16. Be2 Rh6 17. Nb5 Ne4 18. Qf3 Bf5 19. Nxd6 Nxd6 20. d3 Qh4 21. h3 Rg6 22. Kh2 Bg4 23. Qf2 Qxf2 24. Rxf2 Bxe2 25. Rxe2 h5 26. Bd2 Nf5 27. Rae1 Kh7 28. Re5 Rf6 29. g4 hxg4 30. hxg4 Nh4 31. Rh5+ Rh6 32. Rxh6+ gxh6 33. Kg3 Ng6 34. f5 Nf8 35. Re7 Kg7 36. Rxb7 Rc8 37. c4 dxc3 38. Bxc3+ Kg8 39. Rxa7 Rd8 40. d4 Nd7 41. Ba5 Rb8 42. Rxd7 Rxb2 43. a3 f6 44. Bb4 h5 45. gxh5 Kh8 46. Be7 Rb6 47. d5 Ra6 48. d6 Kh7 49. Bxf6+ Kh6 50. Bb2 Rb6 51. Bc1+ Kxh5 52. Rh7# 1-0


[Site "https://www.chess.com"]